 Dungeon Crawl Stone Soup version 0.18.1-50-g88ac8fd (webtiles) character file.

191 magog001 the Bolt Thrower (level 5, -3/41 HPs)
             Began as a Centaur Hunter on Feb 23, 2017.
             Killed from afar by dynamoDes's ghost (14 damage)
             ... with a stone arrow
             ... on level 4 of the Dungeon.
             The game lasted 00:25:41 (3659 turns).

magog001 the Bolt Thrower (Centaur Hunter)          Turns: 3659, Time: 00:25:42

Health: -3/41      AC:  8    Str: 15    XL:     5   Next: 41%
Magic:  5/5        EV:  9    Int: 11    God:
Gold:   105        SH:  0    Dex:  9    Spells: 0 memorised, 4 levels left

rFire  . . .     SeeInvis .     g - +0 war axe
rCold  . . .     Gourm    .     y - +2 robe {MR+}
rNeg   . . .     Faith    .     (no shield)
rPois  .         Spirit   .     e - +0 helmet
rElec  .         Dismiss  .     u - +0 cloak
rCorr  .         Reflect  .     (no gloves)
SustAt .         Harm     .     (no barding)
MR     +....                    (no amulet)
Stlth  +.........               (no ring)
                                (no ring)

@: very quick, somewhat resistant to hostile enchantments, very unstealthy
A: hooves 3, deformed body, deterioration 1, speed 2, tough skin 3
a: no special abilities


You were on level 4 of the Dungeon.
You were not hungry.

You visited 1 branch of the dungeon, and saw 4 of its levels.

You collected 105 gold pieces.

Inventory:

Hand Weapons
 a - a +1 hand crossbow
 b - a +0 short sword
 g - a +0 war axe (weapon)
Missiles
 i - a tomahawk (quivered)
 k - 37 sling bullets
 n - 21 poisoned needles
Armour
 e - a +0 helmet (worn)
 u - a +0 cloak (worn)
 y - a +2 robe of magic resistance (worn)
Scrolls
 c - a scroll of random uselessness {unknown}
 j - a scroll of magic mapping
 l - a scroll of identify
 q - 2 scrolls of amnesia
 r - a scroll of teleportation {unknown}
 t - a scroll of fog {unknown}
 v - a scroll of noise {unknown}
Potions
 m - 2 potions of lignification
Comestibles
 f - 3 bread rations
 o - 2 beef jerkies
 x - 3 fruits


   Skills:
 * Level 2.2 Fighting
 * Level 6.9 Crossbows
 + Level 1.0 Armour
 + Level 1.6 Dodging
 + Level 0.5 Stealth


You had 4 spell levels left.
You didn't know any spells.

Dungeon Overview and Level Annotations

Branches:
Dungeon (4/15)
 Temple: D:4-7

Altars:
Makhleb
Pakellas

Annotations:
D:4 dynamoDes's ghost, amateur DEEE


Innate Abilities, Weirdness & Mutations

You have hooves in place of feet.
Armour fits poorly on your strangely shaped body.
You cover ground very quickly.
You have extremely tough skin (AC +3).
Your body sometimes deteriorates upon taking damage.


Message History

DynamoDes's ghost hits you but does no damage. x2
You closely miss dynamoDes's ghost. Your kick misses dynamoDes's ghost.
DynamoDes's ghost is severely damaged.
DynamoDes's ghost gestures at you while chanting.
The stone arrow misses you.
You hit dynamoDes's ghost.
DynamoDes's ghost is almost destroyed.
DynamoDes's ghost hits you.
* * * LOW HITPOINT WARNING * * *
DynamoDes's ghost hits you but does no damage.
All of the chunks of flesh in your inventory have rotted away.
You completely miss dynamoDes's ghost. Your kick misses dynamoDes's ghost.
DynamoDes's ghost is almost destroyed.
DynamoDes's ghost casts a spell at you. The stone arrow misses you.
You closely miss dynamoDes's ghost.
DynamoDes's ghost is almost destroyed.
DynamoDes's ghost gestures at you while chanting.
The stone arrow hits you!
You die...

#.##.#.# #.....#
#.##.#.. #.....+
#.##.######.....##
#.##.............#
#................#
########.........#
# #...(#..#.# #
#....##.#.#+##.##
#
#....##.#@......#
#
#....##.##W......
# #....##.#
......# #
#....##.# ......#
# #....##.#
(.....# #
#....##.# (......
########....##.#
...(..#
...............#
.(((..#
#######......###


You could see dynamoDes's ghost.

Vanquished Creatures
  A howler monkey (D:4)
  A hound (D:3)
  Jessica (D:3)
  An adder (D:4)
  An ooze (D:2)
  2 worms
  4 dart slugs
  2 giant geckos
  2 giant cockroaches
  10 goblins
  12 hobgoblins
  3 jackals (D:3)
  A quokka (D:2)
  A ball python (D:1)
  7 bats
  7 giant newts
  2 kobolds
  14 rats
72 creatures vanquished.

Vanquished Creatures (others)
  A yak (D:3)
1 creature vanquished.

Grand Total: 73 creatures vanquished

Notes
Turn   | Place    | Note
--------------------------------------------------------------
     0 | D:1      | magog001 the Centaur Hunter began the quest for the Orb.
     0 | D:1      | Reached XP level 1. HP: 17/17 MP: 1/1
    52 | D:1      | Reached XP level 2. HP: 24/24 MP: 2/2
   189 | D:1      | Reached skill level 5 in Crossbows
   831 | D:2      | Reached XP level 3. HP: 29/29 MP: 3/3
  2118 | D:3      | Reached skill level 6 in Crossbows
  2168 | D:3      | Reached XP level 4. HP: 23/36 MP: 4/4
  2237 | D:3      | Found a burning altar of Makhleb.
  2660 | D:3      | Noticed Jessica
  2667 | D:3      | Killed Jessica
  2965 | D:3      | Reached XP level 5. HP: 28/41 MP: 5/5
  3181 | D:3      | Gained mutation: Your body sometimes deteriorates upon taking damage. [potion of mutation]
  3181 | D:3      | Gained mutation: You are weak. (Str -2) [potion of mutation]
  3182 | D:3      | Gained mutation: Your system is resistant to poisons. [potion of mutation]
  3182 | D:3      | Gained mutation: Your body often deteriorates upon taking damage. [potion of mutation]
  3182 | D:3      | Lost mutation: Your system is resistant to poisons. [potion of mutation]
  3184 | D:3      | Lost mutation: You are weak. (Str -2) [potion of cure mutation]
  3184 | D:3      | Lost mutation: Your body often deteriorates upon taking damage. [potion of cure mutation]
  3225 | D:3      | Found an oddly glowing altar of Pakellas.
  3225 | D:3      | Noticed an orange crystal statue
  3226 | D:3      | Noticed a yak
  3243 | D:3      | Killed a yak
  3608 | D:4      | Reached skill level 1 in Armour
  3646 | D:4      | Noticed dynamoDes's ghost (amateur DEEE)
  3659 | D:4      | Killed from afar by dynamoDes's ghost

Skill      XL: |  1  2  3  4  5 |
---------------+----------------+-----
Crossbows      | 5 6 |  6.9
Armour         | 1 |  1.0
Fighting       | |  2.2
Dodging        | |  1.6
Stealth        | |  0.5

Action                   |  1- 3 |  4- 6 || total
-------------------------+-------+-------++-------
Melee: Short sword       |       |    28 ||    28
       Kick              |       |     5 ||     5
       War axe           |       |     9 ||     9
 Fire: Hand crossbow     |   114 |    50 ||   164
Throw: Tomahawk          |       |    10 ||    10
  Use: Scroll            |       |     7 ||     7
       Potion            |       |     7 ||     7
  Eat: Chunk             |     2 |     4 ||     6
Armor: Leather armour    |    17 |    14 ||    31
       Robe              |       |    10 ||    10
Dodge: Dodged            |    21 |    43 ||    64
